Map: Ultralove

Players

Arks - Winner!

  • Race: Zerg Zerg
  • Spawn Location: 1:00

ManlyManMeat

  • Race: Protoss Protoss
  • Spawn Location: 7:00

VOD

Have the link to the VOD?

Description

Time

  • Played on: May 16, 2025, 6:13 a.m.
  • Length: 8:39
Show
View Real Time Build Order
Export as new Build Order

Arks Zerg - Winner!

Build Orders: Hatch First 

Get SALT Encoding   

  12  0:02  Drone  
  13  0:13  Overlord  
  13  0:21  Drone  
  14  0:31  Drone  
  14  0:32  Drone  
  16  0:41  Drone  
  17  1:20  Hatchery  
  16  1:28  Spawning Pool  
  16  1:29  Drone x2  
  17  1:34  Hatchery  
  16  1:42  Drone x2  
  18  1:47  Extractor  
  17  2:19  Drone x3  
  20  2:37  Queen  
  20  2:38  Queen  
  20  2:39  Drone  
  20  2:40  Drone  
  26  2:48  Drone x2  
  28  3:01  Drone x4  
  32  3:11  Lair  
  32  3:24  Queen  
  32  3:26  Overlord x3  
  34  3:44  Queen  
  36  3:53  Drone x6  
  36  3:54  Drone x3  
  45  4:05  Metabolic Boost  
  45  4:20  Overseer  
  45  4:22  Drone  
  45  4:23  Drone x5  
  51  4:38  Drone x6  
  52  4:43  Extractor  
  52  4:45  Extractor x2  
  55  4:47  Drone x2, Extractor  
  55  4:48  Drone, Extractor  
  55  4:57  Overseer  
  55  5:15  Drone x3  
  55  5:16  Overlord x2  
  55  5:17  Overlord  
  58  5:43  Roach Warren  
  58  5:45  Hydralisk Den  
  58  5:46  Spore Crawler  
  58  5:47  Zergling x12  
  58  5:48  Zergling x24  
  73  6:04  Zergling x2  
  73  6:06  Overlord x2  
  73  6:07  Overlord x2  
  74  6:32  Hydralisk x2  
  74  6:33  Hydralisk x4, Roach x4  
  74  6:34  Roach x2  
  74  6:35  Overlord  
  92  7:01  Hydralisk  
  92  7:02  Hydralisk x2, Roach x3  
  92  7:03  Roach  
  92  7:04  Overlord  
  92  7:05  Overlord x3  
  106  7:31  Muscular Augments  
  106  7:34  Hydralisk x4, Roach x2  
  106  7:35  Hydralisk x3, Roach x4  
  106  7:36  Roach  
  134  7:55  Hydralisk  
  134  7:56  Roach  
  134  7:57  Overlord x2  
  134  7:58  Overlord x3  
Show
View Real Time Build Order
Export as new Build Order

ManlyManMeat Protoss 

Build Orders: Zealot Archon 

Get SALT Encoding   

  12  0:00  Probe  
  13  0:15  Pylon  
  13  0:16  Probe  
  14  0:24  Probe  
  15  0:33  Probe, Gateway  
  16  0:43  Assimilator  
  16  0:52  Probe  
  17  0:59  Gateway  
  17  1:04  Probe  
  18  1:20  Cybernetics Core  
  18  1:22  Probe  
  19  1:28  Zealot  
  21  1:49  Pylon  
  21  1:50  Warp Gate  
  21  1:57  Stalker  
  21  2:03  Nexus  
  23  2:19  Assimilator  
  23  2:23  Probe  
  24  2:30  Stalker  
  24  2:35  Probe  
  27  2:46  Pylon  
  27  2:47  Probe  
  27  2:49  Stalker  
  30  3:01  Stalker  
  32  3:15  Pylon  
  32  3:25  Stalker  
  32  3:28  Twilight Council  
  32  3:31  Probe  
  35  3:41  Pylon  
  35  3:58  Probe, Robotics Facility  
  35  3:59  Probe  
  37  4:10  Probe  
  37  4:11  Probe  
  37  4:15  Templar Archives  
  39  4:22  Probe  
  39  4:23  Probe, Assimilator  
  41  4:34  Probe  
  41  4:35  Probe  
  43  4:46  Probe  
  43  4:47  Probe  
  43  4:50  Assimilator  
  43  4:52  Zealot  
  47  4:53  Zealot  
  47  4:58  Probe  
  47  4:59  Observer, Probe  
  52  5:30  High Templar x2  
  56  5:35  Nexus  
  56  6:07  Archon  
  56  6:09  High Templar x2  
  60  6:14  Assimilator  
  60  6:18  Assimilator  
  60  6:22  Pylon  
  60  6:24  Warp Prism  
  60  6:25  Pylon  
  62  6:34  Probe x2  
  64  6:42  High Templar  
  64  6:43  High Templar  
  64  6:44  Archon  
  64  6:46  Probe x2  
  70  6:58  Probe  
  71  7:03  Nexus  
  71  7:12  Shield Battery  
  71  7:23  Probe x2  
  71  7:27  High Templar x2  
  71  7:29  Observer  
  77  7:35  Probe x2  
  80  7:47  Probe x2  
  81  8:07  Gateway  
  81  8:10  Gateway  
  81  8:11  Gateway  
  81  8:12  Gateway  
  81  8:14  Gateway x2  
  81  8:19  Gateway  
  81  8:21  Zealot, Gateway x2  
  81  8:22  Zealot  
  81  8:31  Archon  
  81  8:33  Zealot x2  
Tags
 
Composition
Zealot Archon
Matchup
PvZ
Spawn Locations
Cross Positions
Add a new tag
Caveats
  • Supply blocks, unpowered buildings, or Contaminate may cause inaccurate times.
  • Supply counts are checked every 10 seconds.